 Dungeon Crawl Stone Soup version 0.18.1-8-gdd0e5ea (webtiles) character file.

130 zeroDi the Sneak (level 5, 0/26 HPs)
             Began as a Vine Stalker Assassin on May 22, 2016.
             Slain by a hound (3 damage)
             ... on level 4 of the Dungeon.
             The game lasted 00:05:55 (3084 turns).

zeroDi the Sneak (Vine Stalker Assassin)            Turns: 3084, Time: 00:05:56

Health: 0/26       AC:  5    Str: 13    XL:     5   Next: 13%
Magic:  0/6        EV:  6    Int: 11    God:
Gold:   80         SH:  0    Dex: 17    Spells: 0 memorised, 4 levels left

rFire  . . .     SeeInvis .     b - +0 blowgun
rCold  . . .     Gourm    .     c - +0 robe
rNeg   . . .     Faith    .     (no shield)
rPois  .         Spirit   +     (no helmet)
rElec  .         Dismiss  .     d - +1 cloak
rCorr  .         Reflect  .     (no gloves)
SustAt .         Harm     .     k - +0 pair of boots {Fly}
MR     .....                    (no amulet)
Stlth  +++.......               (no ring)
                                (no ring)

@: flying, not resistant to hostile enchantments, fairly stealthy
A: fangs 2, regeneration 1, magic shield, antimagic bite, no device heal 3, rot
immunity
a: Stop Flying


You were on level 4 of the Dungeon.
You were not hungry.

You visited 1 branch of the dungeon, and saw 4 of its levels.

You collected 80 gold pieces.


Innate Abilities, Weirdness & Mutations

You have extremely sharp teeth.
Your natural rate of healing is unusually fast.
When hurt, damage is shared between your health and your magic reserves.
Your bite disrupts and absorbs the magic of your enemies.
Potions and wands cannot restore your health.
You are immune to rotting.


   Skills:
 - Level 1.7 Fighting
 + Level 4.6 Short Blades
 - Level 1.7 Throwing
 - Level 0.7 Dodging
 - Level 4.8 Stealth


You had 4 spell levels left.
You didn't know any spells.

Inventory:

Hand Weapons
 a - a +2 dagger
 b - a +0 blowgun (weapon)
Missiles
 e - 45 poisoned needles (quivered)
 f - 2 curare-tipped needles {=f}
 t - 2 tomahawks
Armour
 c - a +0 robe (worn)
 d - a +1 cloak (worn)
 k - a +0 pair of boots of flying (worn)
Wands
 o - a wand of flame (17/48)
Scrolls
 i - 5 scrolls of teleportation {@r4}
 n - a scroll of magic mapping
Potions
 l - a potion of degeneration {unknown}
 p - 2 potions of lignification {unknown}
 q - 3 potions of curing {unknown}
 r - a potion of ambrosia {unknown}
 u - a potion of might {unknown}
Comestibles
 g - 4 bread rations
 h - 3 meat rations
 m - a beef jerky

Dungeon Overview and Level Annotations

Branches:
Dungeon (4/15)
 Temple: D:4-7

Altars:
Makhleb
Qazlal

....###'########o######..
##+##
....#...#................
....#...#.......o........
....#...#................
....#...#.......o........
....#.[.#................
....#+####'####.o##+#####
........)...###.h#
......(.....+...@#
............#....#
............#....#
...†........#....#
............#....#
............#....#
†...........#....#
............#.##+#
..........###


You could see a hound, 2 orc priests and an orc.


Message History

* * * LOW HITPOINT WARNING * * *
The orc wizard gestures at you while chanting.
The puff of flame misses you.
The orc priest calls upon Beogh to heal the orc priest.
The orc priest is healed somewhat.
You reach down and open the door.
The orc wizard casts a spell.
The orc wizard flickers and vanishes!
Deactivating autopickup; reactivate with Ctrl-A.
Unknown command.
There is an open door here.
The hound bites you.
* * * LOW HITPOINT WARNING * * *
The hound bites you but does no damage.
You see here 13 stones.
The hound bites you.
* * * LOW HITPOINT WARNING * * *
There is a stone staircase leading up here.
The hound bites you.
You die...

Action                   |  1- 3 |  4- 6 || total
-------------------------+-------+-------++-------
Melee: Dagger            |    87 |   141 ||   228
       Bite              |    14 |    44 ||    58
 Fire: Blowgun           |       |     3 ||     3
Throw: Tomahawk          |       |     3 ||     3
  Use: Scroll            |       |     6 ||     6
 Stab: Sleeping          |    11 |     9 ||    20
  Eat: Chunk             |     1 |     6 ||     7
Armor: Robe              |    31 |    29 ||    60
Dodge: Dodged            |    53 |    65 ||   118

Vault maps used:
D:1:      minmay_arrival_widening_spiral_narrow, corexii_hall_statues_l
D:2:      nicolae_qazlal_eye_of_the_storm, makhleb_altar_promises_db
D:3:      kennysheep_big_flooded_room, first_bread

Notes
Turn   | Place    | Note
--------------------------------------------------------------
     0 | D:1      | zeroDi the Vine Stalker Assassin began the quest for the Orb.
     0 | D:1      | Reached XP level 1. HP: 11/11 MP: 2/2
   257 | D:1      | Reached skill level 2 in Short Blades
   398 | D:1      | Reached XP level 2. HP: 15/15 MP: 3/3
   897 | D:2      | Reached skill level 3 in Short Blades
   910 | D:2      | Reached XP level 3. HP: 8/18 MP: 1/4
  1196 | D:2      | Found a stormy altar of Qazlal.
  1310 | D:2      | Reached XP level 4. HP: 23/23 MP: 5/5
  1666 | D:2      | Found a burning altar of Makhleb.
  1666 | D:2      | Noticed a balrug
  1669 | D:2      | Noticed a hellwing
  1669 | D:2      | Noticed a smoke demon
  1793 | D:3      | Reached skill level 4 in Short Blades
  2139 | D:3      | HP: 2/23 [jackal (1)]
  2627 | D:4      | Reached XP level 5. HP: 20/26 MP: 3/6
  3083 | D:4      | HP: 2/26 [hound (3)]
  3084 | D:4      | Slain by a hound

Vanquished Creatures
  4 adders
  An ooze (D:3)
  A worm (D:2)
  2 dart slugs
  2 giant geckos
  10 orcs (D:3)
  A giant cockroach (D:1)
  6 goblins
  9 hobgoblins
  7 jackals
  A quokka (D:2)
  4 ball pythons
  8 bats
  2 giant newts (D:3)
  6 kobolds
  6 rats
70 creatures vanquished.
